 Dungeon Crawl Stone Soup version 0.28-b1 (webtiles) character file.

Game seed: 10907977550864730691

41 AuftragZ the Conjurer (level 3, 0/26 HPs)
             Began as a Draconian Conjurer on Jan 26, 2022.
             Slain by Terence (3 damage)
             ... on level 2 of the Dungeon.
             The game lasted 00:04:52 (1548 turns).

AuftragZ the Conjurer (Draconian Conjurer)          Turns: 1548, Time: 00:04:52

Health: 0/26       AC:  5    Str:  9    XL:     3   Next: 32%
Magic:  0/6        EV: 12    Int: 20    God:
Gold:   98         SH:  0    Dex:  9    Spells: 3/6 levels left

rFire   . . .      SeeInvis .   (no weapon)
rCold   . . .      Faith    .   (no shield)
rNeg    . . .      Spirit   .   (armour unavailable)
rPois   .          Reflect  .   (helmet restricted)
rElec   .          Harm     .   (no cloak)
rCorr   .          Rampage  .   (no gloves)
Will    .....                   (no boots)
Stlth   ++........              (no amulet)
HPRegen 0.08/turn               (no ring)
MPRegen 0.10/turn               (no ring)

@: about to teleport
A: AC +5, unfitting armour, cold-blooded, hooves 1
a: no special abilities


You were on level 2 of the Dungeon.
You visited 1 branch of the dungeon, and saw 2 of its levels.

You collected 98 gold pieces.

Inventory:

Scrolls
 c - a scroll of vulnerability {unknown}


   Skills:
 + Level 1.7 Dodging
 - Level 1.7 Stealth
 + Level 0.8 Unarmed Combat
 * Level 2.3 Spellcasting
 * Level 4.8 Conjurations


You had 3 spell levels left.
You knew the following spells:

 Your Spells              Type           Power      Damage    Failure   Level
a - Magic Dart            Conj           84%        1d7       1%          1
b - Searing Ray           Conj           42%        2d6       3%          2

Your spell library contained the following spells:

 Spells                   Type           Power      Damage    Failure   Level
 Dazzling Flash           Conj/Hex       24%        N/A       17%         3
 Fulminant Prism          Conj/Hex       6%         3d7       50%         4
 Iskenderun's Mystic Bla  Conj/Tloc      12%        2d5       50%         4


Dungeon Overview and Level Annotations

Branches:
Dungeon (2/15)

Altars:

Annotations:
D:2 Terence


Innate Abilities, Weirdness & Mutations

Your plain brown scales are hard. (AC +5)
You cannot fit into any form of body armour.
You are cold-blooded and may be slowed by cold attacks.
You have large cloven feet.


Message History

Terence is lightly wounded.
Casting: Magic Dart (safe; 1% risk of failure)
Confirm with . or Enter, or press ? or * to list all spells.
Aiming: Searing Ray (safe; 3% risk of failure)
Press: ? - help, Shift-Dir - straight line, f/p - Terence
Aim: Terence, wielding a +0 trident and wearing a +0 scale mail (lightly wounded, 81% to hit)
The searing ray misses Terence. (Press . to maintain the ray.)
The searing ray hits Terence.
Terence is moderately wounded.
The searing ray hits Terence.
Terence is heavily wounded.
Terence hits you from afar with a +0 trident.
It was a potion of mutation.
You feel extremely strange.
Your feet thicken and deform.
Terence hits you but does no damage.
Terence hits you from afar with a +0 trident.
Casting: Searing Ray (safe; 3% risk of failure)
Confirm with . or Enter, or press ? or * to list all spells.
Aiming: Magic Dart (safe; 1% risk of failure)
Press: ? - help, Shift-Dir - straight line, f/p - Terence
Aim: Terence, wielding a +0 trident and wearing a +0 scale mail (heavily wounded, 100% to hit)
The magic dart hits Terence.
Terence is heavily wounded.
Terence closely misses you.
Terence hits you from afar with a +0 trident!
* * * LOW HITPOINT WARNING * * *
Casting: Magic Dart (safe; 1% risk of failure)
Confirm with . or Enter, or press ? or * to list all spells.
Aiming: Magic Dart (safe; 1% risk of failure)
Press: ? - help, Shift-Dir - straight line, f/p - Terence
Aim: Terence, wielding a +0 trident and wearing a +0 scale mail (heavily wounded, 100% to hit)
The magic dart hits Terence but does no damage.
Terence is heavily wounded.
Terence hits you from afar with a +0 trident.
* * * LOW HITPOINT WARNING * * *
As you read the scroll labelled GUTHRE QI TUN, it crumbles to dust.
You feel strangely unstable.
It was a scroll of teleportation.
Terence hits you from afar with a +0 trident.
You die...

...........# #....†..###.#.#
...........# #.......#......
...........###.......#......
..................<.........
..........############......
########.## #####...# #...#
#........
#.#############........
#...@.@................
###############........
#........ #########


You could see Terence.

Vanquished Creatures
  5 ball pythons (D:1)
  2 bats (D:1)
  5 endoplasms (D:1)
  3 goblins (D:1)
  5 hobgoblins
  4 jackals (D:1)
  3 kobolds (D:1)
  A quokka (D:1)
  7 rats (D:1)
35 creatures vanquished.

Notes
Turn   | Place    | Note
-------+----------+-------------------------------------------
     0 | D:1      | AuftragZ the Draconian Conjurer began the quest for the
                  | Orb.
     0 | D:1      | Reached XP level 1. HP: 14/14 MP: 3/3
   246 | D:1      | Reached XP level 2. HP: 20/20 MP: 1/5
   298 | D:1      | Learned a level 2 spell: Searing Ray
   739 | D:1      | Reached XP level 3. HP: 24/26 MP: 3/6
  1526 | D:2      | Noticed Terence
  1535 | D:2      | Gained mutation: You have large cloven feet. [potion of
                  | mutation]
  1548 | D:2      | Slain by Terence

Illustrated notes

Levels and vault maps discovered:
D:1:      dpeg_arrival_round_c, layout_loops_ring
D:2:      minmay_razor_zed, layout_rooms, basic_altar,
          ebering_ecumenical_altar_rust, skrybe_limestone_x, uniq_terence

Action                   || total
-------------------------++-------
Melee: Unarmed           ||    26
 Cast: Magic Dart        ||    47
       Searing Ray       ||    11
  Use: Scroll            ||     1
       Potion            ||     1
Armor: Skin              ||    15
Dodge: Dodged            ||    24
